Plume, neutral female human Valkyrie .................#....................%.................................... ..................).....-------#---##---##---##---#--.........#............ ....................#...|#..^|...|....|....|....|..(#...................... ....---##----##----##---|#.|-|...|....|....|....|...|----------.......#.... ....|...................|#..^|...|....|....|....|...|.........#####........ ....#...................|..|--...|....|....|....|.................####..... ....#...%..............--|--.....|....|....|....|....................###... ..--|.....)`...........|.........|....|....|....|......................##.. ..|.|.....*...{........|........---..---..---..---......................#.. ..-*-............{..P..**.%@............................................#.. ..-.-.......{..........-................................................#.. ..|.|..........{.......|........---..---..---..---......................#.. ..--|..................|.........|....|....|....|......................##.. ....#..................--|--.....|....|....|....|....................###... ....#...................|..|--...|....|....|....|.................####..... ....|...................|#..^|...|....|....|....|...|.........#####........ ....---##----##----##---|#.|-|...|....|....|....|...|----------............ ...............#...<....|#.-^....|....|....|....|_.(#................#..... .....^..................-------#---##---##---##---#--....#................. ....................#...............)......[............................... Plume the Warrior Experience level: 14 Strength: 18/64 Dexterity: 19 Constitution: 18 Intelligence: 15 Wisdom: 11 Charisma: 11 Health: 53(104) Energy: 44(44) Def: 30 Gold: 0 Moves: 28676 Dungeon seed: 0s-arTDXepVffkoz Game ID: Plume_1536235160 Your Inventory: Amulets w - an uncursed amulet of reflection (being worn) Weapons j - 7 blessed +2 daggers W - the rustproof +7 Mjollnir (weapon in hand) Armor y - a blessed +4 pair of speed boots (being worn) A - an uncursed very rusty +0 dwarvish iron helm (being worn) N - a blessed durable +1 red dragon scale mail (being worn) T - an uncursed +3 small shield (being worn) Comestibles Q - 2 uncursed food rations Rings D - an uncursed ring of slow digestion (on left hand) Wands V - a wand of digging (0:4) Tools e - a +0 unicorn horn l - a blessed magic lamp (lit) o - an uncursed skeleton key u - an uncursed towel z - a blessed bag of holding M - a +0 pick-axe (alternate weapon; not wielded) X - the blessed Orb of Fate (0:5) Gems n - 10 uncursed rocks (in quiver) r - a blessed touchstone P - a blessed luckstone Contents of the bag of holding: 10895 gold pieces a [cursed] [-4] katana a [uncursed] [+0] visored helmet [of brilliance] 11 uncursed food rations 2 uncursed lizard corpses an uncursed tin [of black pudding meat] an uncursed tin [of cockatrice meat] 2 uncursed tin [of fire giant meat]'s an uncursed tin [of large cat meat] 2 uncursed tin [of spinach]'s an uncursed ring of invisibility an uncursed ring of levitation an uncursed ring of slow digestion 3 uncursed agates an uncursed amber 8 uncursed amethysts an uncursed aquamarine 2 uncursed black opals an uncursed chrysoberyl 5 uncursed citrines 3 uncursed diamonds 3 uncursed emeralds 5 uncursed flints 8 uncursed fluorites 2 uncursed garnets an uncursed jet 4 [uncursed] opals 6 uncursed rubies 7 uncursed sapphires Spells and supernatural/magical abilities: Name Level Category Fail Memory a - force bolt 1 attack 74% 70% c - cause fear 3 enchantment 100% 92% d - dig 2 matter 79% 100% f - fireball 4 attack 100% 8% h - healing 1 healing 58% 100% i - invisibility 4 escape 100% 87% j - jumping 1 escape 74% 100% k - knock 1 matter 74% 15% l - light 1 divination 74% 70% m - magic missile 2 attack 79% 81% n - detect monsters 1 divination 74% 100% o - cone of cold 4 attack 100% 74% p - protection 1 clerical 74% 100% s - slow monster 1* enchantment 74% 0% t - teleport away 6 escape 100% 100% u - confuse monster 2 enchantment 79% 100% w - wizard lock 2 matter 79% 100% x - extra healing 3* healing 100% 0% z - sleep 2 enchantment 79% 92% B - cure blindness 2 healing 65% 99% D - drain life 3 attack 100% 99% E - detect food 2 divination 79% 100% G - detect treasure 4 divination 100% 99% H - haste self 3 escape 100% 8% I - identify 3 divination 100% 99% K - cure sickness 3 healing 100% 100% L - levitation 4 escape 100% 100% M - magic mapping 5 divination 100% 100% O - create monster 2 clerical 79% 99% S - stone to flesh 3 healing 100% 100% T - turn undead 4 clerical 100% 70% W - pray for help -- divine ? -- Your skills at the end: Miscellaneous Skills shield [Expert] wands [Basic] Weapon Skills dagger [Skilled] saber [Basic] hammer [Expert] Spellcasting Skills Final Attributes: You were piously aligned. You were fire resistant. You were cold resistant. You were sleep resistant. You were shock resistant. You were poison resistant. Your writing hand was ok. You saw invisible. You were warned. You were invisible to others. You were somewhat stealthy. You could fly. You had slower digestion. You were protected. You were very fast. You had reflection. You were extremely lucky. You had extra luck. Good luck did not time out for you. You survived. Vanquished creatures: Medusa (twice) a red dragon a green dragon a storm giant 2 titans 2 purple worms 7 minotaurs a jabberwock a librarian Lord Surtur a baluchitherium a young gray dragon a young silver dragon 3 young white dragons a young black dragon a young blue dragon 2 demiliches 3 Olog-hai 3 titanotheres a vampire lord 2 captains 2 liches a clay golem 3 nurses 2 frost giants 2 golden nagas 4 black puddings 3 vampires 3 queen bees a winged gargoyle 2 giant mimics 19 fire giants 2 ogre kings 2 Elvenkings an ice troll a rock troll an umber hulk 3 flesh golems a doppelganger 5 large mimics a wumpus 4 couatls 5 stalkers a fire elemental 7 hill giants a black naga 2 giant zombies 2 sergeants 3 quantum mechanics a small mimic an island nymph a glass piercer 4 ettin mummies an ogre lord 15 trolls 2 wood golems a pyrolisk a large dog a freezing sphere 3 flaming spheres a shocking sphere 3 tigers a gargoyle 2 tengu 2 gelatinous cubes 7 ochre jellies 2 crocodiles 4 chameleons a leocrotta a mountain centaur 4 giants 3 elf mummies a red naga 3 Grey-elves a python a cobra an ettin zombie 2 leather golems a soldier 4 succubi 4 incubi 7 giant beetles 3 cockatrices a wolf 4 winter wolf cubs 5 black lights a lynx 2 panthers a gremlin 26 leprechauns a quivering blob 4 lizards a mountain nymph an orc-captain 2 mumakil 9 giant spiders 2 scorpions 2 iron piercers an ice vortex 3 vampire bats a forest centaur 3 gnome kings 4 orc mummies a dwarf mummy 2 ogres 3 brown puddings 8 Green-elves 2 rust monsters 6 owlbears 4 yetis 2 gold golems a giant eel 2 warriors 5 chickatrices a dog a dingo a housecat 2 jaguars 3 dwarf lords 2 blue jellies 3 water nymphs 2 white unicorns a black unicorn 3 dust vortices 33 ravens 3 plains centaurs 5 gnome mummies 7 Woodland-elves a snake 2 apes 6 human zombies 2 rope golems 12 soldier ants 95 fire ants 4 yellow lights 10 bugbears 2 imps 3 wood nymphs 11 Mordor orcs 3 Uruk-hai 2 orc shamans 2 rock moles 5 rock piercers a pony 2 fog clouds 2 shriekers 5 violet fungi 14 gnome lords 2 gnomish wizards 3 kobold mummies a black naga hatchling 2 guardian naga hatchlings 4 gray oozes 2 barrow wights 5 elf zombies 2 ghouls 2 straw golems a paper golem a jellyfish 6 giant ants a puppy 8 floating eyes 3 kittens 19 dwarves a homunculus 4 quasits 2 kobold lords 2 kobold shamans 3 iguanas 43 hill orcs 19 rothes 2 rabid rats 3 centipedes 6 jitterbugs 5 giant bats 5 orc zombies a dwarf zombie 2 wererats a werejackal 77 killer bees 9 coyotes 5 gas spores 6 hobbits 4 acid blobs 4 large kobolds 7 geckos 12 hobgoblins 10 giant rats 8 cave spiders a brown mold 6 yellow molds a green mold 6 red molds 60 gnomes 8 garter snakes 4 manes 3 gnome zombies 10 jackals 4 foxes 2 kobolds 9 newts 6 goblins 4 sewer rats 9 grid bugs 8 bats 4 lichens 4 kobold zombies 1025 creatures vanquished. Voluntary challenges: You did not cause conflict. You were not displaced. You used a wielded weapon 1380 times, starting on turn 15. You did not use sinks. You read items or engraved 323 times, starting on turn 173. You never genocided any monsters. You never polymorphed an object. You changed form 3 times, starting on turn 13066. You completed Sokoban on turn 5784, according to the rules. You used no wishes. You split 5 puddings, starting on turn 10732. You wrote Elbereth's name 7 times, starting on turn 173. You violated your moral code, losing 4 points of alignment, starting on turn 28671. Dungeon overview: The Dungeons of Doom: levels 1 to 27 Level 1 a fountain a long staircase Level 2 a sink stairs to The Gnomish Mines Level 3 a fountain Level 4 a fountain Level 5 a potion shop, an altar to Odin Level 6 a fountain Level 7 many fountains Level 8 a fountain stairs to Sokoban Level 9 Level 10 Level 11 an altar to Odin, a fountain, a sink Level 12 a delicatessen, a sink Level 13 some fountains portal to The Quest Level 14 a fountain Level 15 a fountain Level 16 a temple to Tyr, a fountain Level 17 Level 18 a sink Level 19 a fountain Level 20 a fountain, a throne Level 21 a fountain, many trees Level 22 Level 23 Level 24 Level 25 Level 26 a fountain Level 27 <- You were here an altar to Odin, a magic chest, many fountains, many sinks, many trees The Gnomish Mines: levels 3 to 10 Level 3 stairs to The Dungeons of Doom Level 4 Level 5 some shops, a temple to Tyr, a magic chest, some fountains Level 6 Level 7 Level 8 Level 9 Level 10 a magic chest, some fountains The Quest: levels 1 to 5 Level 1 a magic chest, a fountain portal to The Dungeons of Doom Level 2 Level 3 Level 4 Level 5 Sokoban: levels 4 to 7 Level 4 a magic chest Level 5 Level 6 Level 7 an altar to Odin, a magic chest stairs to The Dungeons of Doom History has recorded: On T:1 you entered the Dungeons of Doom to retrieve the Amulet of Yendor! On T:98 you reached level 2 of The Dungeons of Doom. On T:309 you reached level 3 of The Dungeons of Doom. On T:401 you advanced to experience level 2. On T:505 you reached level 1 of The Gnomish Mines. On T:657 you advanced to experience level 3. On T:660 you advanced to experience level 4. On T:856 you reached level 2 of The Gnomish Mines. On T:901 you advanced to experience level 5. On T:916 you reached level 3 of The Gnomish Mines. On T:981 you opened a magic chest. On T:1008 you entered the Minetown temple On T:1300 you advanced to experience level 6. On T:1395 you reached level 4 of The Gnomish Mines. On T:1428 you prayed to Odin. On T:2130 you reached level 4 of The Dungeons of Doom. On T:2374 you reached level 5 of The Dungeons of Doom. On T:2442 you advanced to experience level 7. On T:2574 you reached level 6 of The Dungeons of Doom. On T:2751 you reached level 7 of The Dungeons of Doom. On T:3358 you reached level 8 of The Dungeons of Doom. On T:3361 you prayed to Odin. On T:3525 you advanced to experience level 8. On T:3541 you reached level 9 of The Dungeons of Doom. On T:3653 you reached level 4 of Sokoban. On T:3981 you reached level 3 of Sokoban. On T:4328 you reached level 2 of Sokoban. On T:4583 you reached level 1 of Sokoban. On T:5784 you advanced to experience level 9. On T:5784 you entered the Sokoban zoo. On T:6663 you reached level 5 of The Gnomish Mines. On T:6892 you reached level 6 of The Gnomish Mines. On T:7353 you reached level 7 of The Gnomish Mines. On T:7655 you reached level 8 of The Gnomish Mines. On T:7655 you reached the bottom of the Mines. On T:9964 you advanced to experience level 10. On T:10199 you prayed to Odin. On T:12137 you received Mjollnir from Odin. On T:12248 you reached level 10 of The Dungeons of Doom. On T:12305 you reached level 11 of The Dungeons of Doom. On T:12879 you reached level 12 of The Dungeons of Doom. On T:13108 you reached level 13 of The Dungeons of Doom. On T:13840 you reached level 14 of The Dungeons of Doom. On T:13865 you advanced to experience level 11. On T:14164 you reached level 1 of The Quest. On T:14664 you prayed to Odin. On T:14969 you reached level 15 of The Dungeons of Doom. On T:15039 you reached level 16 of The Dungeons of Doom. On T:15139 you reached level 17 of The Dungeons of Doom. On T:15139 you entered the Rogue tribute level. On T:15364 you reached level 18 of The Dungeons of Doom. On T:15785 you reached level 19 of The Dungeons of Doom. On T:15911 you reached level 20 of The Dungeons of Doom. On T:15932 you reached level 21 of The Dungeons of Doom. On T:16093 you advanced to experience level 12. On T:17292 you reached level 22 of The Dungeons of Doom. On T:17293 you killed Medusa on level 22 of The Dungeons of Doom. On T:17310 you killed Medusa on level 22 of The Dungeons of Doom. On T:18498 you reached level 23 of The Dungeons of Doom. On T:18647 you prayed to Odin. On T:19333 you reached level 25 of The Dungeons of Doom. On T:19438 you reached level 26 of The Dungeons of Doom. On T:19633 you reached The Castle. On T:20569 you advanced to experience level 13. On T:22185 you advanced to experience level 13. On T:22210 you advanced to experience level 14. On T:23389 you received a spellbook of cone of cold from Odin. On T:23645 you prayed to Odin. On T:24235 you prayed to Odin. On T:24833 you prayed to Odin. On T:25488 you prayed to Odin. On T:25909 you prayed to Odin. On T:25995 you embarked upon an epic quest. On T:26009 you reached level 2 of The Quest. On T:26171 you reached level 3 of The Quest. On T:26326 you reached level 4 of The Quest. On T:26374 you reached level 5 of The Quest. On T:26446 you killed Lord Surtur on level 5 of The Quest. On T:26576 you completed the quest! Score breakdown: Gold: 10895 ( 1089 points) Experience: 14 levels ( 1300 points) Exploration: 27 levels ( 780 points) Discoveries: 151 items ( 2000 points) Variety of kills: 207 monsters ( 2000 points) Major goal: finished the Quest ( 2000 points) Survival: quit (score multiplied by 3) Total score: 27507 Latest messages: The gold pieces miss the invisible librarian. The invisible librarian punches you! The invisible librarian points all around, then curses. The massive hammer hits! Lightning strikes the invisible librarian! The invisible librarian misses. The invisible librarian points all around, then curses. The massive hammer hits! Lightning strikes the invisible librarian! The invisible librarian drinks a potion of healing! The invisible librarian looks better. The massive hammer hits! Lightning strikes the invisible librarian! The invisible librarian punches you! The invisible librarian casts a spell at you! You suddenly feel weaker! The massive hammer hits! Lightning strikes the invisible librarian! You kill the invisible librarian! You murderer! You hesitate for just a moment. Nothing seems to happen. Never mind. Final status: Farvel Plume the Valkyrie, quit... You quit in The Dungeons of Doom on dungeon level 27 with 27507 points, and 10895 pieces of gold, after 28676 moves. You were level 14 with a maximum of 104 hit points when you quit.